 Dungeon Crawl Stone Soup version 0.27.1-3-gb3d3a73c9e (webtiles) character file.

Game seed: 13711169983319666020

13315 Borgoz the Fighter (level 12, -71/117 HPs)
             Began as a Gargoyle Berserker on Oct 30, 2021.
             Was a High Priest of Trog.
             Annihilated by a titanic slime creature (85 damage)
             ... on level 12 of the Dungeon.
             The game lasted 00:17:42 (11282 turns).

Borgoz the Fighter (Gargoyle Berserker)            Turns: 11282, Time: 00:17:43

Health: -71/117    AC: 18    Str: 30    XL:     12   Next: 4%
Magic:  12/12      EV: 17    Int:  7    God:    Trog [*****.]
Gold:   683        SH:  6    Dex: 21    Spells: 11/11 levels left

rFire    . . .     SeeInvis .   a - +2 flail (holy)
rCold    . . .     Faith    +   C - +0 buckler
rNeg     + . .     Spirit   .   G - +1 troll leather armour
rPois    ∞         Reflect  .   r - +0 helmet
rElec    +         Harm     .   (no cloak)
rCorr    .         Rampage  .   h - +0 pair of gloves {Dex+3}
Will     .....                  (no boots)
Stlth    ..........             g - amulet of faith
HPRegen  1.29/turn              F - +6 ring of strength
MPRegen  0.13/turn              E - +6 ring of dexterity

@: berserking (expiring), very quick
A: sickness immunity, AC +8, negative energy resistance 1, electricity
resistance, torment resistance 1, petrification resistance
a: Renounce Religion, Berserk, Trog's Hand, Brothers in Arms


You were on level 12 of the Dungeon.
You worshipped Trog.
Trog was extremely pleased with you.
You visited 2 branches of the dungeon, and saw 13 of its levels.
You also visited: Ossuary.

You collected 683 gold pieces.

Inventory:

Hand Weapons
 a - a +2 flail of holy wrath (weapon)
 b - a +1 dire flail
 j - a +0 morningstar
Armour
 h - a +0 pair of gloves of dexterity (worn)
 r - a +0 helmet (worn)
 B - the +0 scale mail of Compression {Fly Stlth+}
   (You found it on level 12 of the Dungeon)

   Fly:       It grants you flight.
   Stlth:     It makes you more stealthy.
 C - a +0 buckler (worn)
 G - a +1 troll leather armour (worn)
Jewellery
 d - a ring of fire
 g - an amulet of faith (around neck)
 v - a ring of flight
 x - a ring of ice
 z - a +6 ring of intelligence
 E - a +6 ring of dexterity (right hand)
 F - a +6 ring of strength (left hand)
Wands
 n - a wand of acid (9)
 p - a wand of iceblast (20)
 D - a wand of digging (5)
 H - a wand of charming (10)
Scrolls
 k - a scroll of holy word
 y - 4 scrolls of fog
 A - 7 scrolls of teleportation
Potions
 c - 2 potions of berserk rage {unknown}
 e - 2 potions of mutation
 f - 2 potions of might
 i - a potion of ambrosia {unknown}
 l - 2 potions of haste {unknown}
 m - 10 potions of curing
 o - a potion of cancellation {unknown}
 q - 3 potions of flight
 s - a potion of invisibility
 t - a potion of degeneration {unknown}
 u - 3 potions of heal wounds
 w - 2 potions of attraction {unknown}


   Skills:
 + Level 10.4 Fighting
 + Level 9.6 Maces & Flails
 + Level 10.2 Armour
 + Level 8.0 Dodging
 - Level 5.0 Shields
 + Level 2.4 Evocations


You had 11 spell levels left.
You didn't know any spells.
Your spell library was empty.

Dungeon Overview and Level Annotations

Branches:
Dungeon (12/15)            Temple (0/1) D:4            Lair (1/6) D:10
    Orc (0/2) D:12        Ossuary (visited)

Altars:
Sif Muna

Shops:
D:1 (


Innate Abilities, Weirdness & Mutations

You are immune to sickness and miasma.
Your stone body is resilient. (AC +8)
You are immune to poison.
You resist negative energy. (rN+)
You are resistant to electric shocks. (rElec)
You are resistant to unholy torment.
You are immune to petrification.


Message History

You hit the large slime creature.
The large slime creature is almost dead.
A slime creature comes into view.
Two slime creatures merge to form a very large slime creature.
You bludgeon the very large slime creature!!
The very large slime creature is almost dead.
You sock the very large slime creature!
The very large slime creature is almost dead.
You bludgeon the very large slime creature!!
The very large slime creature is almost dead.
Two slime creatures merge to form an enormous slime creature.
A slime creature comes into view.
The slime creature quivers.
You bludgeon the enormous slime creature!!
The enormous slime creature is almost dead.
You hit the enormous slime creature.
The enormous slime creature is almost dead.
The enormous slime creature hits you!
You sock the enormous slime creature!
The enormous slime creature is almost dead.
You sock the enormous slime creature!
The enormous slime creature is almost dead.
Two slime creatures merge to form a titanic slime creature.
You hit the titanic slime creature.
The titanic slime creature is severely wounded.
The titanic slime creature hits you!!!!
Ouch! That really hurt!
* * * LOW HITPOINT WARNING * * *
You barely miss the titanic slime creature.
The titanic slime creature is severely wounded.
You sock the titanic slime creature!
The titanic slime creature is almost dead.
The titanic slime creature barely misses you.
You sock the titanic slime creature!
The titanic slime creature is almost dead.
You hit the titanic slime creature.
The titanic slime creature is almost dead.
The titanic slime creature hits you!!!!
Ouch! That really hurt!
You die...

######## #.. ...#
####### #.####.# #.
...# #.......
#.###.#######......#
#.#................#
#.#.#.#######......#
#.....# ####.###
###@### #.# #J# #.#
#.# ##+## #..
##...## ### ##.....#
##......< #........
+.....<.. #........


You could see a titanic slime creature.

Vanquished Creatures
  A boulder beetle (D:9)
  A hydra (D:11)
  4 two-headed ogres
  2 cyclopes
  A komodo dragon (D:10)
  A tengu conjurer (D:12)
  2 trolls (D:9)
  A wraith (D:9)
  3 wyverns
  4 yaks (D:11)
  A steam dragon (D:6)
  3 vampire mosquitoes (D:12)
  An acid dragon (D:10)
  3 water moccasins
  A sky beast (D:6)
  A black bear (D:5)
  4 orc warriors
  3 centaurs
  An ogre (D:4)
  2 phantoms
  7 elf zombies (Ossuary)
  2 bullfrogs (D:8)
  2 scorpions
  A water moccasin zombie (D:6)
  6 killer bees
  2 troll zombies (D:12)
  11 wights
  2 howler monkeys (D:8)
  6 centaur zombies
  2 gnoll shamans
  5 hounds
  A bullfrog skeleton (D:6)
  2 centaur skeletons
  7 orc priests
  A human zombie (Ossuary)
  Terence (D:1)
  An iguana (D:5)
  2 scorpion zombies (D:5)
  12 orc wizards
  Natasha (thrice) (D:2)
  2 killer bee zombies
  2 ogre zombies (D:12)
  3 mummies (Ossuary)
  11 gnolls
  15 adders
  A howler monkey skeleton (D:7)
  A white imp (D:5)
  An ufetubus (D:6)
  An adder skeleton (D:4)
  A worm (D:3)
  5 dart slugs
  26 orcs
  6 ball pythons
  4 endoplasms
  8 giant cockroaches
  3 goblins
  3 hobgoblins
  3 quokkas
  9 bats
  2 frilled lizards
  A goblin zombie (D:12)
  A hobgoblin skeleton (D:12)
  A hobgoblin zombie (D:12)
  2 kobolds
  3 orc skeletons (D:12)
  2 orc zombies (D:12)
  2 rats (D:1)
235 creatures vanquished.

Vanquished Creatures (collateral kills)
  Erica (D:8)
  A shadow (D:12)
  An orc warrior (D:10)
  A phantom (D:12)
  2 troll zombies (D:12)
  2 killer bees (D:9)
  A howler monkey (D:9)
  A centaur zombie (Ossuary)
  An orc priest (D:10)
  3 orcs (D:10)
  A goblin skeleton (D:12)
  A hobgoblin zombie (D:12)
  An orc skeleton (D:12)
  2 orc zombies (D:12)
  2 bushes (D:9)
21 creatures vanquished.

Vanquished Creatures (others)
  6 fungi (D:1)
  11 plants
17 creatures vanquished.

Grand Total: 273 creatures vanquished

Notes
Turn   | Place    | Note
-------+----------+-------------------------------------------
     0 | D:1      | Borgoz the Gargoyle Berserker began the quest for the Orb.
     0 | D:1      | Reached XP level 1. HP: 14/14 MP: 1/1
   235 | D:1      | Reached XP level 2. HP: 15/19 MP: 2/2
   431 | D:1      | Found Lukuikk's Weapon Shop.
   539 | D:1      | Found a faded altar of an unknown god.
   615 | D:1      | Reached ** piety under Trog
   739 | D:2      | Noticed Terence
   757 | D:2      | Reached XP level 3. HP: 23/23 MP: 3/3
   768 | D:1      | Killed Terence
  1100 | D:2      | Reached XP level 4. HP: 28/29 MP: 4/4
  1142 | D:2      | Noticed Natasha
  1145 | D:2      | Killed Natasha
  1390 | D:2      | Noticed Natasha
  1399 | D:2      | Killed Natasha
  1408 | D:2      | Noticed Natasha
  1425 | D:2      | Killed Natasha
  1426 | D:2      | Reached XP level 5. HP: 17/33 MP: 5/5
  2290 | D:4      | Noticed an ogre
  2297 | D:4      | Killed an ogre
  2298 | D:4      | Reached XP level 6. HP: 39/39 MP: 6/6
  2418 | D:4      | Reached skill level 5 in Fighting
  2506 | D:4      | Reached XP level 7. HP: 43/44 MP: 7/7
  2589 | D:4      | Found a staircase to the Ecumenical Temple.
  2632 | D:4      | Reached *** piety under Trog
  3545 | D:5      | Entered Level 5 of the Dungeon
  3550 | D:5      | Reached skill level 5 in Maces & Flails
  3574 | D:5      | Reached skill level 5 in Armour
  3606 | D:5      | Reached **** piety under Trog
  3696 | D:5      | Reached XP level 8. HP: 33/51 MP: 8/8
  5093 | D:6      | Reached XP level 9. HP: 56/56 MP: 9/9
  5378 | D:7      | Reached skill level 5 in Dodging
  6556 | D:8      | Found a sand-covered staircase.
  6571 | Ossuary  | Entered an ossuary
  6772 | Ossuary  | Reached ***** piety under Trog
  6944 | Ossuary  | Reached XP level 10. HP: 64/64 MP: 10/10
  7249 | D:8      | Noticed Erica
  7265 | D:8      | Killed Erica
  8167 | D:10     | Entered Level 10 of the Dungeon
  8407 | D:9      | Reached skill level 1 in Shields
  8819 | D:9      | Found a shimmering blue altar of Sif Muna.
  8986 | D:9      | Noticed a boulder beetle
  9021 | D:9      | Killed a boulder beetle
  9267 | D:10     | Noticed a two-headed ogre
  9277 | D:10     | Killed a two-headed ogre
  9278 | D:10     | Reached XP level 11. HP: 67/71 MP: 11/11
  9720 | D:10     | Noticed a two-headed ogre
  9728 | D:10     | Killed a two-headed ogre
  9783 | D:10     | Found a staircase to the Lair.
 10081 | D:11     | Noticed a six-headed hydra
 10146 | Lair:1   | Entered Level 1 of the Lair of Beasts
 10157 | Lair:1   | Noticed a seven-headed hydra
 10347 | D:11     | Identified a scroll of acquirement
 10347 | D:11     | Acquired a +0 pair of gloves of dexterity
 10365 | D:11     | Killed a six-headed hydra
 10366 | D:11     | Reached skill level 10 in Fighting
 10406 | D:11     | Noticed a two-headed ogre
 10418 | D:11     | Killed a two-headed ogre
 10429 | D:11     | Noticed a two-headed ogre
 10442 | D:11     | Killed a two-headed ogre
 10443 | D:11     | Reached skill level 1 in Evocations
 10530 | D:11     | Noticed a cyclops
 10537 | D:11     | Killed a cyclops
 10785 | D:11     | Reached skill level 10 in Armour
 11005 | D:12     | Noticed a cyclops
 11019 | D:12     | Killed a cyclops
 11045 | D:12     | Found a staircase to the Orcish Mines.
 11147 | D:12     | Identified the +0 scale mail of Compression {Fly Stlth+}
 11168 | D:12     | Reached skill level 5 in Shields
 11168 | D:12     | Reached XP level 12. HP: 78/78 MP: 12/12
 11282 | D:12     | Annihilated by a titanic slime creature

Illustrated notes

Levels and vault maps discovered:
D:1:      amcnicky_arrival_abandoned_market, layout_loops_ring, serial_shops,
          nicolae_shop_trees, shapermc_ecumenical_altar_mp_urbaneastern
D:2:      layout_basic, uniq_terence, uniq_natasha
D:3:      cheibrodos_pilgrimage, layout_loops_ring
D:4:      layout_basic, minmay_temple_entry_drinking_statues, dk_noncrumbling_3,
          minmay_snake_closets
D:5:      layout_basic
D:6:      layout_rooms
D:7:      layout_loops_ring
D:8:      minmay_weird_star, layout_basic, nicolae_ossuary_entry_monument,
          serial_aquarium, aquarium_bridge_straight [aquarium_subvault_bridge,
          aquarium_subvault_window, aquarium_subvault_bridge,
          aquarium_subvault_wall], aquarium_window_corridor_2,
          aquarium_window_1, aquarium_window_fake, aquarium_window_2,
          aquarium_view_2c, aquarium_view_2b, aquarium_pool_four,
          serial_bayou_lagoon_a, uniq_erica
D:9:      layout_cave_pools, mainiacjoe_overflow_boulevard, minmay_hedge_maze
D:10:     layout_irregular_city, david_lair_shrubbed
D:11:     layout_loops_cross
D:12:     layout_loops_corners, zombieorc1_lemuel, portal_ice_cave_rime
Lair:1:   layout_cave_pods

Skill      XL: |  1  2  3  4  5  6  7  8  9 10 11 12 |
---------------+-------------------------------------+-----
Dodging        | 2 3 4 6 7 8 |  8.0
Fighting       | 4 5 6 8 9 10 | 10.4
Armour         | 3 4 5 6 7 9 10 | 10.2
Maces & Flails | 4 5 6 7 8 9 |  9.6
Shields        | 3 5 |  5.0
Evocations     | 2 |  2.4

Action                   |  1- 3 |  4- 6 |  7- 9 | 10-12 || total
-------------------------+-------+-------+-------+-------++-------
Melee: Mace              |    73 |       |       |       ||    73
       Flail             |    13 |    92 |   452 |   417 ||   974
       Unarmed           |     1 |       |       |       ||     1
Invok: Berserk           |     1 |     4 |     7 |    13 ||    25
       Trog's Hand       |       |     1 |     2 |     4 ||     7
       Brothers in Arms  |       |       |       |     5 ||     5
Evoke: Wand              |       |       |       |     8 ||     8
  Use: Scroll            |     3 |       |    13 |     6 ||    22
       Potion            |       |       |       |     3 ||     3
Armor: Animal skin       |     6 |       |       |       ||     6
       Chain mail        |    36 |    78 |   181 |       ||   295
       Steam dragon scal |       |       |   112 |    23 ||   135
       Plate armour      |       |       |       |    34 ||    34
       Troll leather arm |       |       |       |   102 ||   102
Dodge: Dodged            |    54 |    48 |   298 |   301 ||   701
Block: Buckler           |       |       |       |    99 ||    99
